 Dungeon Crawl Stone Soup version 0.31-a0-233-g139696dc86 (webtiles) character file.

Game seed: 4541512195192010265

108 qw the Shooter (level 4, -2/26 HPs)
             Began as a Gargoyle Hexslinger on July 7, 2023.
             Slain by Terence
             ... wielding a +0 flail
              (10 damage)
             ... on level 2 of the Dungeon.
             The game lasted 00:00:39 (1234 turns).

qw the Shooter (Gargoyle Hexslinger)                Turns: 1234, Time: 00:00:40

Health: -2/26      AC:  0    Str: 11    XL:     4   Next: 87%
Magic:  5/5        EV: 19    Int: 14    God:
Gold:   112        SH:  0    Dex: 19    Spells: 4/5 levels left

rFire   . . .        Y - melded +1 sling
rCold   . . .        (shield currently unavailable)
rNeg    + . .        c - melded +0 robe
rPois   inf          (helmet currently unavailable)
rElec   .            (cloak currently unavailable)
rCorr   .            (gloves currently unavailable)
SInv    .            (boots currently unavailable)
Will    .....        (no amulet)
Stlth   ++           (ring currently unavailable)
HPRegen 0.24/turn    (ring currently unavailable)
MPRegen 0.09/turn

%: no passive effects
@: bat-form (expiring), flying, very quick
A: fast, flying, no casting, sickness immunity, AC +3, tiny, negative energy
resistance 1, (electricity resistance), torment resistance 1, petrification
resistance
a: no special abilities


You were on level 2 of the Dungeon.
You were a bat.
You visited 1 branch of the dungeon, and saw 2 of its levels.

You collected 112 gold pieces.


Innate Abilities, Weirdness & Mutations

You are a bat.
You are tiny and dextrous.
You move quickly.
You are flying.
Your equipment is almost entirely melded.
You are incapable of wielding weapons or throwing items.
You cannot cast spells.
You are immune to sickness and miasma.
((Your stone body is resilient. (AC +3)))
You are immune to poison.
You resist negative energy. (rN+)
((You are resistant to electric shocks. (rElec)))
You are resistant to unholy torment.
You are immune to petrification.


   Skills:
 - Level 2.0 Fighting
 + Level 4.6 Ranged Weapons
 - Level 1.5 Dodging
 - Level 1.0 Spellcasting
 - Level 2.6 Hexes


You had 4 spell levels left.
You knew the following spells:

 Your Spells              Type           Power      Damage    Failure   Level
a - Slow                  Hex            32%        N/A       9%          1

Your spell library contained the following spells:

 Spells                   Type           Power      Damage    Failure   Level
 Inner Flame              Hex/Fire       4%         N/A       41%         3
 Portal Projectile        Hex/Tloc       8%         N/A       41%         3
 Cause Fear               Hex            4%         N/A       65%         4

Inventory:

Hand Weapons
 Y - a +1 sling (melded)
Armour
 c - a +0 robe (melded)
 f - a +0 leather armour
Jewellery
 h - a +6 ring of dexterity
Scrolls
 a - 2 scrolls of identify
 e - a scroll of teleportation {unknown}
 j - a scroll of noise {unknown}
 k - a scroll of silence {unknown}
Potions
 b - a potion of attraction {unknown}
 d - a potion of magic {unknown}
 g - a potion of berserk rage {unknown}
 i - 2 potions of curing {unknown}

Dungeon Overview and Level Annotations

Branches:
Dungeon (2/15)

Altars:

Annotations:
D:2 Terence


Message History

You shoot a sling bullet.
The sling bullet closely misses Terence.
Terence zaps a wand.
You turn into a bat.
Your +1 sling melds into your body.
Your +0 robe melds into your body.
The now-empty wand crumbles to dust.
A kobold comes into view. It is wielding a +0 club.
The kobold shouts!
You hit Terence but do no damage.
Terence is moderately wounded.
You hit Terence but do no damage.
Terence is moderately wounded.
Terence closely misses you.
You hit Terence but do no damage.
Terence is moderately wounded.
Terence hits you with a +0 flail.
You hit Terence but do no damage.
Terence is moderately wounded.
Terence hits you with a +0 flail!
You hit Terence but do no damage.
Terence is moderately wounded.
Terence hits you with a +0 flail!
You hit Terence but do no damage.
Terence is moderately wounded.
Terence barely misses you.
You hit Terence but do no damage.
Terence is moderately wounded.
Terence misses you.
You hit Terence but do no damage.
Terence is moderately wounded.
The kobold closely misses you. Terence barely misses you.
You hit Terence but do no damage.
Terence is moderately wounded.
Your transformation is almost over.
The kobold misses you. Terence barely misses you.
You hit Terence but do no damage.
Terence is moderately wounded.
The kobold hits you with a +0 club. Terence barely misses you.
You hit Terence but do no damage.
Terence is moderately wounded.
The kobold closely misses you. Terence hits you with a +0 flail!
You die...

###.##...........
#.##......###.#
#.###.#####...#
#.# #.#.....# #.#
#...###.#+## ##.#
###.#)#....##
#..### #.###.....#
#.##.###...K......
#.#...####b@......
#.....)..+........
#.#...####........
#......# ##......[
######.# #.....#
#.# #...## #.#
#+## #.# # #.###
.#


You could see Terence and a kobold.

Vanquished Creatures
  Jessica (D:2)
  3 adders (D:2)
  An adder zombie (D:2)
  4 dart slugs
  5 bats
  A bat skeleton (D:2)
  3 endoplasms
  2 giant cockroaches
  3 goblins
  3 hobgoblins
  3 jackals (D:1)
  3 quokkas (D:1)
  5 ball pythons
  A ball python zombie (D:2)
  2 frilled lizards (D:2)
  A giant cockroach zombie (D:2)
  2 rats
43 creatures vanquished.

Notes
Turn   | Place    | Note
-------+----------+-------------------------------------------
     0 | D:1      | qw the Gargoyle Hexslinger began the quest for the Orb.
     0 | D:1      | Reached XP level 1. HP: 12/12 MP: 2/2
     0 | D:1      | 0 ||| qw: Version: 0.3-a-46-gb1f654a
     0 | D:1      | 0 ||| qw: Game counter: 3154
     0 | D:1      | 0 ||| qw: Melee chars always use a shield: true
     0 | D:1      | 0 ||| qw: God list: Okawaru
     0 | D:1      | 0 ||| qw: Allow faded altars: false
     0 | D:1      | 0 ||| qw: Do Orc after clearing Dungeon:15 true
     0 | D:1      | 0 ||| qw: Do second Lair branch before Depths: true
     0 | D:1      | 0 ||| qw: Lair rune preference: random
     0 | D:1      | 0 ||| qw: Goals: Normal
     0 | D:1      | 0 ||| PLANNING D:1-11
   119 | D:1      | Reached XP level 2. HP: 9/16 MP: 3/3
   277 | D:1      | Reached skill level 3 in Ranged Weapons
   478 | D:1      | Reached XP level 3. HP: 21/21 MP: 4/4
   602 | D:1      | 602 ||| DROPPING +6 ring of intelligence.
   603 | D:1      | 603 ||| READING scroll labelled QIEGRU HEQO.
   604 | D:1      | 604 ||| READING scroll labelled NIEWNE POS FESI.
   605 | D:1      | 605 ||| READING scroll labelled LETZAF QUEL.
   606 | D:1      | 606 ||| DROPPING scroll of poison.
   646 | D:2      | Noticed Jessica
   657 | D:2      | Killed Jessica
   658 | D:2      | Reached skill level 4 in Ranged Weapons
   658 | D:2      | Reached XP level 4. HP: 26/26 MP: 5/5
  1216 | D:2      | Noticed Terence
  1234 | D:2      | Slain by Terence

Levels and vault maps discovered:
D:1:      roderic_crop_circles_arrival_small, layout_rooms, minmay_unequal
D:2:      layout_loops_corners, serial_undead, serial_undead_d, serial_undead_c,
          serial_undead_c, serial_undead_e, item_on_display_a, uniq_jessica,
          uniq_terence

Skill      XL: |  1  2  3 |
---------------+----------+-----
Ranged Weapons | 3 4 |  4.6
Fighting       | 2 |  2.0
Dodging        | |  1.5
Spellcasting   | |  1.0
Hexes          | |  2.6

Action                     |  1- 3 |  4- 6 || total
---------------------------+-------+-------++-------
  Melee: Unarmed           |       |    11 ||    11
   Fire: Sling             |    92 |    70 ||   162
    Use: Scroll            |     3 |       ||     3
 Armour: Robe              |    21 |    15 ||    36
  Dodge: Dodged            |    37 |    31 ||    68

Table legend:
 A = Non-vault XP
 B = Vault XP
 C = Vault XP percentage of total XP
 D = Non-vault monster count
 E = Vault monster count
 F = Vault count percentage of total count
                 A         B        C        D         E       F
            +---------+---------+-------+---------+---------+-------
      Total |     101 |      54 |  34.8 |      35 |       8 |  18.6
            +---------+---------+-------+---------+---------+-------
        D:1 |      38 |       8 |  17.4 |      19 |       3 |  13.6
        D:2 |      63 |      46 |  42.2 |      16 |       5 |  23.8
            +---------+---------+-------+---------+---------+-------
